AoeStats
← mariozoovet

Fortress

509592683Analyzed
4v4 RM · 4d ago on Sep 27, 2026· 51m 57s· 8 players
Game mode
Random Map
Map size
Huge
Population
200
Speed
Normal
Resources
Standard
Victory
Conquest
Starting age
Dark Age
Ending age
Imperial Age
RankedLock teamsTeams togetherTeam positionsShared explorationLock speedFull tech treeHidden civsTurbo modeCheats
Victory
Defeat
🇩🇰 Poles · Denmark
872
+13
🇦🇺 Slavs · Australia
872
+13
🇨🇳 Burgundians · China
860
+13
🇨🇳 Persians · China
801
+15
🇪🇸 Goths · Spain
869
-16
🇬🇧 Britons · United Kingdom
802
-14
🇮🇳 Persians · India
757
-12
🇷🇴 Japanese · Romania
752
-12
Evil Empire
9:13 Feudal Age
11:35 Horse Collar
15:52 Castle Age
15:06 Padded Archer Armor
14:57 Fletching
15:46 Double-Bit Axe
18:06 Gold Mining
21:16 Bow Saw
22:26 Caravan
23:52 Wheelbarrow
25:16 Leather Archer Armor
24:57 Bodkin Arrow
24:41 Pikeman
27:00 Hand Cart
26:58 Stone Mining
27:46 Town Watch
29:23 Bodkin Arrow
30:19 Heavy Plow
33:21 Imperial Age
34:15 Elite Longbowman
38:40 Chemistry
39:26 Ballistics
43:57 Ring Archer Armor
50:23 Hoardings
52:33 Gold Shaft Mining
Agent P
4:46 Loom
7:12 Feudal Age
7:47 Double-Bit Axe
14:23 Castle Age
12:16 Horse Collar
12:30 Man-at-Arms
13:26 Gold Mining
15:27 Gambesons
15:03 Long Swordsman
16:16 Forging
20:58 Wheelbarrow
21:32 Scale Mail Armor
24:40 Chain Mail Armor
25:00 Iron Casting
27:49 Imperial Age
26:05 Fletching
26:15 Padded Archer Armor
26:27 Heavy Plow
27:06 Gold Shaft Mining
27:46 Hand Cart
27:50 Caravan
28:15 Squires
28:01 Arson
28:04 Two-Handed Swordsman
29:53 Bow Saw
30:03 Leather Archer Armor
29:43 Bodkin Arrow
30:13 Champion
32:00 Conscription
32:31 Stone Mining
33:50 Bodkin Arrow
34:28 Plate Mail Armor
34:15 Masonry
34:11 Siege Engineers
34:01 Murder Holes
40:55 Two-Man Saw
40:50 Heavy Cavalry Archer
40:51 Elite Skirmisher
41:43 Thumb Ring
42:04 Pikeman
43:44 Yasama
44:20 Hoardings
43:26 Halberdier
45:18 Chemistry
45:17 Ballistics
Incognito3597
8:39 Feudal Age
8:59 Double-Bit Axe
9:51 Wheelbarrow
8:57 Horse Collar
17:57 Castle Age
17:10 Stone Mining
17:13 Gold Mining
16:45 Man-at-Arms
18:59 Hand Cart
18:48 Heavy Plow
19:02 Bow Saw
19:32 Stone Shaft Mining
25:52 Squires
26:12 Forging
26:03 Scale Mail Armor
26:08 Scale Barding Armor
26:04 Padded Archer Armor
29:26 Imperial Age
27:57 Pikeman
29:02 Long Swordsman
29:28 Gambesons
30:52 Two-Man Saw
30:26 Crop Rotation
30:23 Caravan
30:40 Town Watch
30:40 Loom
31:00 Murder Holes
31:55 Halberdier
34:37 Elite Skirmisher
35:59 Thumb Ring
36:07 Thumb Ring
36:29 Conscription
36:46 Hoardings
38:45 Kamandaran
40:03 Chemistry
39:24 Ballistics
39:15 Masonry
39:36 Citadels
39:04 Crossbowman
40:08 Fletching
40:44 Chain Mail Armor
40:47 Bodkin Arrow
41:07 Leather Archer Armor
41:50 Architecture
44:26 Ring Archer Armor
44:27 Plate Mail Armor
44:32 Iron Casting
44:18 Chain Barding Armor
49:42 Heavy Camel Rider
50:25 Husbandry
50:15 Cavalier
51:05 Bloodlines
mariozoovet
7:59 Feudal Age
6:48 Loom
13:48 Castle Age
19:16 Scale Mail Armor
20:39 Pikeman
22:16 Forging
30:38 Imperial Age
28:43 Wheelbarrow
29:00 Horse Collar
29:45 Double-Bit Axe
31:04 Iron Casting
30:34 Heavy Plow
32:53 Chemistry
33:00 Bow Saw
34:27 Conscription
34:18 Squires
33:40 Halberdier
37:01 Perfusion
41:29 Chain Mail Armor
43:30 Blast Furnace
Garloc
1:42 Loom
9:59 Feudal Age
10:55 Double-Bit Axe
10:52 Horse Collar
12:23 Wheelbarrow
19:01 Castle Age
18:17 Bloodlines
19:23 Forging
19:34 Scale Barding Armor
20:59 Light Cavalry
21:40 Husbandry
25:12 Heavy Plow
26:45 Murder Holes
34:18 Imperial Age
32:06 Hand Cart
31:45 Town Watch
32:21 Bow Saw
32:47 Caravan
32:36 Pikeman
33:17 Squires
33:02 Arson
33:44 Chain Barding Armor
34:00 Iron Casting
33:16 Fletching
33:26 Padded Archer Armor
33:27 Scale Mail Armor
33:51 Ballistics
33:43 Fortified Wall
33:16 Treadmill Crane
36:51 Cavalier
36:52 Winged Hussar
37:41 Town Patrol
39:08 Szlachta Privileges
39:24 Conscription
39:25 Lechitic Legacy
39:41 Hoardings
40:36 Crop Rotation
47:08 Chemistry
46:14 Siege Engineers
46:20 Masonry
47:14 Blast Furnace
46:10 Bodkin Arrow
46:31 Leather Archer Armor
47:57 Coinage
51:37 Banking
51:35 Arrowslits
52:11 Bombard Tower
51:42 Guard Tower
52:03 Clinker Construction
52:03 Careening
51:57 Bracer
52:13 Chain Mail Armor
chentao_1209
6:44 Feudal Age
11:29 Castle Age
11:04 Wheelbarrow
11:37 Double-Bit Axe
11:35 Horse Collar
13:21 Hand Cart
13:49 Heavy Plow
17:48 Bow Saw
21:17 Gold Mining
26:20 Imperial Age
26:39 Kamandaran
27:01 Conscription
26:38 Fletching
26:49 Padded Archer Armor
28:12 Gold Shaft Mining
28:34 Crossbowman
28:38 Elite War Elephant
30:05 Bodkin Arrow
30:25 Leather Archer Armor
32:37 Leather Archer Armor
34:39 Citadels
36:13 Thumb Ring
41:16 Chemistry
40:37 Ballistics
43:32 Hoardings
AussieHoon
3:26 Loom
9:09 Feudal Age
10:43 Double-Bit Axe
11:22 Horse Collar
13:55 Castle Age
15:50 Squires
18:19 Forging
18:15 Scale Barding Armor
17:40 Pikeman
20:41 Wheelbarrow
20:42 Bloodlines
21:08 Iron Casting
21:37 Gold Mining
23:05 Hand Cart
23:04 Bow Saw
24:05 Husbandry
24:58 Fletching
30:10 Imperial Age
28:32 Detinets
29:29 Chain Barding Armor
30:39 Elite Boyar
31:36 Capped Ram
33:25 Two-Man Saw
32:28 Heavy Plow
33:18 Scale Mail Armor
33:33 Siege Ram
35:32 Blast Furnace
34:55 Halberdier
37:12 Plate Barding Armor
39:19 Gold Shaft Mining
39:12 Druzhina
40:21 Chain Mail Armor
39:27 Man-at-Arms
40:17 Heavy Scorpion
41:48 Light Cavalry
42:05 Long Swordsman
43:45 Caravan
44:09 Two-Handed Swordsman
44:41 Hussar
45:40 Champion
LV小吕
3:36 Horse Collar
4:38 Double-Bit Axe
6:08 Wheelbarrow
8:17 Feudal Age
6:56 Gold Mining
7:50 Stone Mining
10:11 Bow Saw
10:02 Heavy Plow
15:41 Castle Age
14:35 Gold Shaft Mining
14:47 Stone Shaft Mining
15:54 Hand Cart
15:36 Fletching
21:02 Crop Rotation
23:27 Burgundian Vineyards
26:57 Imperial Age
26:42 Town Watch
27:38 Ballistics
28:40 Chemistry
28:03 Ballistics
27:25 Treadmill Crane
27:43 Bodkin Arrow
27:58 Padded Archer Armor
29:05 Conscription
29:13 Caravan
32:18 Elite Coustillier
33:08 Bracer
33:29 Leather Archer Armor
39:48 Forging
39:43 Scale Barding Armor
41:54 Town Patrol
42:36 Iron Casting
42:21 Chain Barding Armor
49:57 Blast Furnace
49:33 Plate Barding Armor
Connection lost

Rejoining the realm…

Still unreachable

The connection could not be restored.

Session expired

The server has moved on; the page needs a fresh start.